 Dungeon Sprint DCSS version 0.30.1-8-g117510f58f (webtiles) character file.

Game seed: 1099531646143880597

926 Heoruswealwe the Spear-Bearer (level 7, 0/74 HPs)
             Began as a Minotaur Fighter on Sept 22, 2023.
             Was a Believer of the Shining One.
             Slain by an orc warrior
             ... wielding a +0 battleaxe
              (16 damage)
             ... in the Dungeon (Sprint IX: "|||||||||||||||||||||||||||||").
             The game lasted 00:02:03 (141 turns).

Heoruswealwe the Spear-Bearer (Minotaur Fighter)     Turns: 141, Time: 00:02:04

Health: 0/74       AC:  9    Str: 22    XL:     7   Next: 85%
Magic:  6/6        EV:  9    Int:  5    God:    the Shining One [**....]
Gold:   0          SH:  4    Dex: 10    Spells: 6/6 levels left

rFire   . . .        a - +0 trident
rCold   . . .        d - +0 buckler
rNeg    + . .        c - +0 scale mail
rPois   .            (helmet restricted)
rElec   .            (no cloak)
rCorr   .            (no gloves)
SInv    .            (no boots)
Will    .....        (no amulet) Stlth
                     (no ring)
HPRegen 0.32/turn    (no ring)
MPRegen 0.10/turn

%: no teleportation
@: glowing
A: horns 2, retaliatory headbutt
a: Renounce Religion, Divine Shield


You were in the Dungeon.
You worshipped the Shining One.
The Shining One was pleased with you.
You visited 1 branch

Inventory:

Hand Weapons
 a - a +0 trident (weapon)
 k - a +2 halberd of protection
Armour
 c - a +0 scale mail (worn)
 d - a +0 buckler (worn)
Jewellery
 l - a +2 ring of protection
Wands
 h - a wand of roots (10)
Scrolls
 j - 2 scrolls of blinking
Potions
 b - a potion of might
 e - 5 potions of curing
 f - 2 potions of heal wounds
 g - a potion of haste
 i - a potion of berserk rage


   Skills:
 + Level 11.0 Fighting
 * Level 14.5 Polearms
 + Level 11.0 Armour
 - Level 3.6 Shields


You had 6 spell levels left.
You didn't know any spells.
Your spell library was empty.

Dungeon Overview and Level Annotations

Branches:
Dungeon (1/1)

Altars:
Cheibriados
Dithmenos
Elyvilon
Fedhas
Gozag
Hepliaklqana
Kikubaaqudgha
Makhleb
Nemelex Xobeh
Okawaru
Qazlal
Ru
Sif Muna
Trog
Uskayaw
Vehumet
Wu Jian
Xom
Yredelemnul
Zin
The Shining One
Jiyva
Lugonu


Innate Abilities, Weirdness & Mutations

You have a pair of horns on your head.
You reflexively headbutt those who attack you in melee.


Message History

Items here: ( )) †.
You hit the two-headed ogre but do no damage.
The two-headed ogre hits you with a +0 giant club!
The two-headed ogre completely misses you.
You puncture the two-headed ogre!
The two-headed ogre is moderately wounded.
You hit the two-headed ogre but do no damage.
You headbutt the two-headed ogre!
The two-headed ogre is heavily wounded.
The two-headed ogre hits you with a +0 giant club!!
The two-headed ogre hits you with a +0 giant spiked club.
You hit the two-headed ogre but do no damage.
You headbutt the two-headed ogre!
The two-headed ogre is heavily wounded.
You hit the two-headed ogre but do no damage.
You headbutt the two-headed ogre, but do no damage.
The two-headed ogre is heavily wounded.
The two-headed ogre barely misses you.
The two-headed ogre completely misses you.
You puncture the two-headed ogre!
The two-headed ogre is almost dead.
You hit the two-headed ogre but do no damage.
You headbutt the two-headed ogre.
The two-headed ogre is almost dead.
The two-headed ogre hits you with a +0 giant club!
* * * LOW HITPOINT WARNING * * *
The two-headed ogre barely misses you.
You puncture the two-headed ogre!
You kill the two-headed ogre!
Your Fighting skill gained 3 levels and is now at level 11!
Your Polearms skill gained 3 levels and is now at level 14!
Your Armour skill gained 3 levels and is now at level 11!
You have reached level 7!
You puncture the orc warrior! You headbutt the orc warrior.
The orc warrior is heavily wounded.
You hit the orc warrior.
You headbutt the orc warrior, but do no damage.
The orc warrior is heavily wounded.
The orc warrior hits you with a +0 battleaxe!
You die... ▓▓▓▓▓▓▓▓▓▓▓▓▓▓▓▓▓▓▓▓▓▓▓▓ ______'!?).[[[.=@oyo...+ ▓▓▓▓▓▓▓▓▓▓▓▓▓▓▓▓▓▓▓▓▓▓▓▓

You could see 2 orc warriors and a vampire mosquito.

Vanquished Creatures
  A two-headed ogre (D)
  An ogre (D)
  A centaur (D)
  A kobold brigand (D)
  A scorpion (D)
  An orc priest (D)
  An orc wizard (D)
  An orc (D)
  2 endoplasms (D)
  A giant cockroach (D)
  A frilled lizard (D)
  A rat (D)
13 creatures vanquished.

Notes
Turn   | Place    | Note
-------+----------+-------------------------------------------
     0 | D        | Heoruswealwe the Minotaur Fighter began the quest for the
                  | Orb.
     0 | D        | Reached XP level 1. HP: 19/19 MP: 0/0
     7 | D        | Reached skill level 3 in Polearms
    47 | D        | Noticed a scorpion
    47 | D        | Noticed a centaur
    47 | D        | Noticed an orc wizard
    47 | D        | Noticed an ogre
    50 | D        | Reached skill level 4 in Polearms
    55 | D        | Killed a scorpion
    56 | D        | Reached skill level 5 in Fighting
    56 | D        | Reached skill level 6 in Polearms
    56 | D        | Reached skill level 5 in Armour
    56 | D        | Reached XP level 2. HP: 27/30 MP: 1/1
    56 | D        | Reached XP level 3. HP: 33/37 MP: 2/2
    60 | D        | Killed a centaur
    61 | D        | Reached skill level 9 in Polearms
    61 | D        | Reached XP level 4. HP: 38/47 MP: 3/3
    61 | D        | Reached XP level 5. HP: 42/52 MP: 4/4
    73 | D        | Killed an ogre
    74 | D        | Reached skill level 10 in Polearms
    80 | D        | Found a snail-covered altar of Cheibriados.
    80 | D        | Found a shadowy altar of Dithmenos.
    80 | D        | Found a white marble altar of Elyvilon.
    80 | D        | Found a blossoming altar of Fedhas.
    80 | D        | Found an opulent altar of Gozag.
    81 | D        | Found a hazy altar of Hepliaklqana.
    82 | D        | Found a viscous altar of Jiyva.
    83 | D        | Found an ancient bone altar of Kikubaaqudgha.
    84 | D        | Found a corrupted altar of Lugonu.
    85 | D        | Found a burning altar of Makhleb.
    86 | D        | Found a sparkling altar of Nemelex Xobeh.
    87 | D        | Found an iron altar of Okawaru.
    88 | D        | Found a stormy altar of Qazlal.
    89 | D        | Found a sacrificial altar of Ru.
    90 | D        | Found a shimmering blue altar of Sif Muna.
    91 | D        | Found a bloodstained altar of Trog.
    92 | D        | Found a hide-covered altar of Uskayaw.
    93 | D        | Found a radiant altar of Vehumet.
    94 | D        | Found an ornate altar of the Wu Jian Council.
    95 | D        | Found a shimmering altar of Xom.
    96 | D        | Found a basalt altar of Yredelemnul.
    97 | D        | Found a glowing silver altar of Zin.
    98 | D        | Found a glowing golden altar of the Shining One.
   106 | D        | Became a worshipper of the Shining One
   123 | D        | Noticed a two-headed ogre
   123 | D        | Reached * piety under the Shining One
   123 | D        | Noticed an orc warrior
   123 | D        | Noticed a vampire mosquito
   123 | D        | Noticed an orc warrior
   126 | D        | Reached ** piety under the Shining One
   127 | D        | Reached skill level 11 in Polearms
   127 | D        | Reached XP level 6. HP: 58/62 MP: 5/5
   139 | D        | Killed a two-headed ogre
   140 | D        | Reached skill level 14 in Polearms
   140 | D        | Reached XP level 7. HP: 16/74 MP: 6/6
   141 | D        | Slain by an orc warrior

Illustrated notes

Levels and vault maps discovered:
D:        linesprint [early_d, line_temple, items_1, d_10, items_2, lair_1,
          lair_end, items_3, orc_1, orc_end, items_4, d_15, swamp_1, shoals_1,
          snake_1, spider_1, d_20, vaults_1, items_5, swamp_end, shoals_end,
          snake_end, spider_end, vaults_end, d_27, items_6, zot_1, zot_end,
          crypt_end, forest_end, elf_end, slime_end, tomb_end, abyss_end,
          pan_hell_end]

Skill      XL: |  1  2  3  4  5  6 |
---------------+-------------------+-----
Polearms       | 6 9 11 14 | 14.5
Fighting       | 5 7 8 11 | 11.0
Armour         | 5 7 8 11 | 11.0
Shields        | |  3.6

Action                     |  1- 3 |  4- 6 |  7- 9 || total
---------------------------+-------+-------+-------++-------
  Melee: Trident           |    21 |    26 |     2 ||    49
         Headbutt          |     5 |     8 |     2 ||    15
    Use: Potion            |       |     1 |       ||     1
 Armour: Scale mail        |     9 |     3 |       ||    12
  Dodge: Dodged            |     9 |    10 |       ||    19
  Block: Buckler           |     3 |     2 |       ||     5
